AoeStats
← 李太君の秽土转生

Golden Pit

509181554Analyzed
1v1 RM · 6d ago on Sep 25, 2026· 51m 3s· 2 players
Game mode
Random Map
Map size
Tiny (2 player)
Population
200
Speed
Normal
Resources
Standard
Victory
Conquest
Starting age
Dark Age
Ending age
Imperial Age
RankedLock teamsTeams togetherTeam positionsShared explorationLock speedFull tech treeHidden civsTurbo modeCheats
Victory
Defeat
739
+15
🇨🇦 Khmer · Canada
709
-15
coutts.matt12
0:29 Loom
11:33 Feudal Age
12:23 Double-Bit Axe
12:21 Horse Collar
18:12 Town Watch
21:45 Castle Age
20:15 Fletching
20:58 Forging
20:59 Stone Mining
21:20 Gold Mining
21:40 Town Watch
22:30 Wheelbarrow
22:42 Wheelbarrow
22:45 Heavy Plow
23:01 Bow Saw
23:41 Town Patrol
25:31 Bodkin Arrow
25:55 Scale Mail Armor
27:15 Hand Cart
28:45 Gold Shaft Mining
28:46 Stone Shaft Mining
29:23 Iron Casting
29:39 Bloodlines
30:07 Padded Archer Armor
32:13 Scale Barding Armor
32:11 Husbandry
35:46 Imperial Age
34:04 Chain Barding Armor
35:23 Chain Mail Armor
35:24 Leather Archer Armor
35:48 Ballistics
35:39 Fortified Wall
35:24 Murder Holes
37:27 Cavalier
38:03 Pikeman
38:29 Arson
40:24 Crop Rotation
39:20 Halberdier
43:13 Bracer
44:13 Blast Furnace
45:05 Chemistry
51:19 Blast Furnace
李太君の秽土转生
5:54 Loom
10:04 Feudal Age
10:34 Double-Bit Axe
16:41 Castle Age
15:22 Horse Collar
21:36 Wheelbarrow
23:33 Bow Saw
24:55 Gold Mining
31:02 Imperial Age
28:56 Fletching
31:31 Heavy Plow
33:24 Chemistry
32:52 Treadmill Crane
33:55 Scale Mail Armor
34:06 Forging
34:37 Bodkin Arrow
35:18 Crop Rotation
34:56 Stone Mining
34:41 Pikeman
37:23 Man-at-Arms
37:57 Gambesons
38:32 Bloodlines
38:46 Long Swordsman
40:15 Conscription
40:21 Siege Engineers
39:59 Two-Handed Swordsman
41:33 Hand Cart
42:42 Arson
43:17 Chain Mail Armor
43:38 Iron Casting
43:03 Bracer
44:26 Town Watch
45:17 Thumb Ring
45:12 Champion
47:37 Padded Archer Armor
48:08 Plate Mail Armor
48:40 Blast Furnace
49:09 Halberdier
50:01 Scale Barding Armor
50:12 Leather Archer Armor
Connection lost

Rejoining the realm…

Still unreachable

The connection could not be restored.

Session expired

The server has moved on; the page needs a fresh start.